 Dungeon Crawl Stone Soup version 0.29-a0-359-g541a27f54d (webtiles) character file.

Game seed: 178000406076232928

221 Iusername the Covered (level 5, -2/47 HPs)
             Began as a Minotaur Fighter on Apr 27, 2022.
             Slain by an ogre
             ... wielding a +0 giant spiked club
              (22 damage)
             ... on level 4 of the Dungeon.
             The game lasted 00:03:14 (2495 turns).

Iusername the Covered (Minotaur Fighter)            Turns: 2495, Time: 00:03:14

Health: -2/47      AC: 13    Str: 20    XL:     5   Next: 65%
Magic:  4/4        EV:  6    Int:  7    God:
Gold:   195        SH:  4    Dex: 10    Spells: 4/4 levels left

rFire   . . .      SeeInvis .   a - +0 trident
rCold   . . .      Faith    .   c - +0 buckler
rNeg    . . .      Spirit   .   k - +1 plate armour
rPois   .          Reflect  .   (helmet restricted)
rElec   .          Harm     .   (no cloak)
rCorr   .          Rampage  .   (no gloves)
Will    .....                   (no boots)
Stlth   ..........              (no amulet)
HPRegen 0.15/turn               (no ring)
MPRegen 0.09/turn               (no ring)

@: no status effects
A: horns 2, retaliatory headbutt
a: no special abilities


You were on level 4 of the Dungeon.
You visited 1 branch of the dungeon, and saw 4 of its levels.

You collected 195 gold pieces.

Inventory:

Hand Weapons
 a - a +0 trident (weapon)
Armour
 b - a +0 scale mail
 c - a +0 buckler (worn)
 k - a +1 plate armour (worn)
Wands
 j - a wand of paralysis (13) (quivered)
Scrolls
 e - 3 scrolls of fear {unknown}
 h - a scroll of torment {unknown}
 i - 2 scrolls of immolation
 l - a scroll of teleportation {unknown}
 m - a scroll of fog {unknown}
 o - a scroll of identify
Potions
 d - a potion of mutation {unknown}
 f - a potion of degeneration {unknown}
 g - a potion of curing {unknown}
 n - 2 potions of magic {unknown}


   Skills:
 + Level 4.6 Fighting
 + Level 4.7 Polearms
 + Level 5.0 Armour
 + Level 0.9 Dodging
 + Level 4.4 Shields


You had 4 spell levels left.
You didn't know any spells.
Your spell library contained the following spells:

 Spells                   Type           Power      Damage    Failure   Level
 Ensorcelled Hibernation  Hex/Ice        0%         N/A       100%        2
 Spider Form              Tmut/Pois      0%         N/A       100%        3
 Anguish                  Hex/Necr       0%         N/A       100%        4


Dungeon Overview and Level Annotations

Branches:
Dungeon (4/15)
 Temple: D:4-7

Altars:

Shops:
D:3 *


Innate Abilities, Weirdness & Mutations

You have a pair of horns on your head.
You reflexively headbutt those who attack you in melee.


Message History

m - a scroll labelled VOH POXZUUNKAM No target in view!
Found a dagger.
No target in view!
Found a helmet.
You see here a +0 dagger.
You open the door.
There is an open door here.
n - 2 murky coppery potions No target in view!
o - a scroll of identify No target in view!
You open the door.
There is an open door here.
An ogre comes into view. It is wielding a +0 giant spiked club.
An ogre is nearby!
An ogre is nearby!
An ogre is nearby!
You reach to attack!
You barely miss the ogre. You closely miss the ogre.
You block the ogre's attack.
You hit the ogre.
The ogre is lightly wounded.
You hit the ogre but do no damage.
The ogre is lightly wounded.
The ogre hits you with a +0 giant spiked club!
You completely miss the ogre. You headbutt the ogre!
The ogre is heavily wounded.
The ogre barely misses you.
You puncture the ogre!
The ogre is almost dead.
The ogre hits you with a +0 giant spiked club!
You are too injured to fight recklessly!
You are too injured to fight recklessly!
You are too injured to fight recklessly!
You barely miss the ogre. You headbutt the ogre.
The ogre is almost dead.
You hit the ogre.
The ogre is almost dead.
The ogre hits you with a +0 giant spiked club!!
You die...

########################
......O@................
###############.........
#.#####... #.#...'...
#.#.###... #.# #.....
#.# #.#### #.# #.# # ..#
#.####


You could see an ogre.

Vanquished Creatures
  A hound (D:3)
  An iguana (D:4)
  Terence (D:2)
  4 gnolls
  5 adders
  3 dart slugs
  An orc (D:3)
  3 ball pythons
  7 bats
  3 endoplasms
  A giant cockroach (D:2)
  7 goblins
  6 hobgoblins
  3 kobolds
  3 quokkas
  2 frilled lizards
  2 rats
53 creatures vanquished.

Notes
Turn   | Place    | Note
-------+----------+-------------------------------------------
     0 | D:1      | Iusername the Minotaur Fighter began the quest for the Orb.
     0 | D:1      | Reached XP level 1. HP: 19/19 MP: 0/0
   171 | D:1      | Reached XP level 2. HP: 27/27 MP: 1/1
   213 | D:1      | Reached skill level 4 in Armour
   279 | D:1      | Reached XP level 3. HP: 33/33 MP: 2/2
   765 | D:2      | Noticed Terence
   770 | D:2      | Killed Terence
   843 | D:2      | Reached XP level 4. HP: 40/40 MP: 3/3
  1075 | D:2      | Found a faded altar of an unknown god.
  1234 | D:3      | Found Mitwidenn's Assorted Antiques.
  1394 | D:3      | Reached XP level 5. HP: 15/46 MP: 4/4
  2351 | D:4      | Reached skill level 5 in Armour
  2485 | D:4      | Noticed an ogre
  2495 | D:4      | Slain by an ogre

Illustrated notes

Levels and vault maps discovered:
D:1:      matt_arrival_los_fun, layout_basic
D:2:      layout_rooms, hellmonk_ecumenical_altar_crossroads,
          minmay_pentomino_x4, uniq_terence
D:3:      layout_basic, serial_shops, shop_fountains
D:4:      layout_basic

Skill      XL: |  1  2  3  4  5 |
---------------+----------------+-----
Armour         | 4 5 |  5.0
Shields        | 4 |  4.4
Polearms       | 3 4 |  4.7
Fighting       | 4 |  4.6
Dodging        | |  0.9

Action                   |  1- 3 |  4- 6 || total
-------------------------+-------+-------++-------
Melee: Trident           |    50 |    86 ||   136
       Headbutt          |     7 |    10 ||    17
  Use: Potion            |     1 |       ||     1
       Scroll            |       |     3 ||     3
Armor: Scale mail        |    14 |    10 ||    24
       Plate armour      |       |    27 ||    27
Dodge: Dodged            |    12 |    17 ||    29
Block: Buckler           |     9 |    14 ||    23

Table legend: (Time is in decaauts)
 A = Elapsed time spent in this place.
 B = Non-inter-level travel time spent in this place.
 C = Inter-level travel time spent in this place.
 D = Time resting spent in this place.
 E = Time spent auto-exploring this place.
 F = Levels seen in this place.
 G = Mean time per level.
                   A        B        C        D        E       F      G
               +--------+--------+--------+--------+--------+-----+--------+
         Total |   2515 |   2439 |     76 |    402 |   1692 |   4 |  628.8 |
       Dungeon |   2515 |   2439 |     76 |    402 |   1692 |   4 |  628.8 |
               +--------+--------+--------+--------+--------+-----+--------+

Top non-repeatable levels by time:
     D:3: 1115 daAuts
     D:1: 773 daAuts
     D:2: 475 daAuts
     D:4: 151 daAuts
